 Dungeon Crawl Stone Soup version 0.26-a0-455-g0958c023ba (webtiles) character file.

Game seed: 15838408961600321714

39 Goblin1989 the Twirler (level 3, 0/21 HPs)
             Began as a Kobold Gladiator on July 29, 2020.
             Slain by Natasha (1 damage)
             ... on level 2 of the Dungeon.
             The game lasted 00:02:09 (1185 turns).

Goblin1989 the Twirler (Kobold Gladiator)           Turns: 1185, Time: 00:02:10

Health: 0/21       AC:  6    Str: 12    XL:     3   Next: 70%
Magic:  3/3        EV: 16    Int:  9    God:
Gold:   79         SH:  0    Dex: 16    Spells: 2/2 levels left

rFire    + . .     SeeInvis .   a - +0 quarterstaff
rCold    . . .     Faith    .   (shield currently unavailable)
rNeg     . . .     Spirit   .   U - +1 leather armour {rF+}
rPois    .         Reflect  .   c - +0 helmet
rElec    .         Harm     .   (no cloak)
rCorr    .                      (no gloves)
MR       .....                  Y - +0 pair of boots
Stlth    ++........             (no amulet)
HPRegen  0.07/turn              (no ring)
MPRegen  0.08/turn              (no ring)

@: no status effects
A: small, nightstalker 3
a: no special abilities


You were on level 2 of the Dungeon.
You visited 1 branch of the dungeon, and saw 2 of its levels.

You collected 79 gold pieces.

Inventory:

Hand Weapons
 a - a +0 quarterstaff (weapon)
Missiles
 Z - 3 throwing nets (quivered) {!d , @Q1}
Armour
 c - a +0 helmet (worn)
 U - a +1 leather armour of fire resistance (worn)
 Y - a +0 pair of boots (worn)
Scrolls
 Q - 2 scrolls of remove curse {unknown}
 S - a scroll of blinking {unknown}
 T - 2 scrolls of teleportation {unknown}
 V - 2 scrolls of identify {unknown}
Potions
 P - 2 potions of lignification {unknown}
 R - a potion of flight {unknown}
 W - a potion of heal wounds {unknown}
 X - 4 potions of curing {unknown}


   Skills:
 - Level 2.1 Fighting
 + Level 4.0 Staves
 - Level 2.1 Throwing
 - Level 3.6 Dodging


You had 2 spell levels left.
You didn't know any spells.
Your spell library was empty.

Dungeon Overview and Level Annotations

Branches:
Dungeon (2/15)

Altars:

Annotations:
D:2 Natasha


Innate Abilities, Weirdness & Mutations

You are small and have problems with some larger weapons.
You are completely attuned to the shadows.


Message History

Unknown command.
Unknown command.
A worm is nearby!
You regained 6 hp, and now have 19/21 hp.
A worm is nearby!
You hit the worm.
The worm is lightly wounded.
The worm bites you but does no damage.
You barely miss the worm. The worm closely misses you.
You barely miss the worm. You hit the worm but do no damage.
The worm misses you.
You hit the worm.
The worm is lightly wounded.
The worm closely misses you.
You hit the worm.
The worm is heavily wounded.
You sock the worm!
The worm is almost dead.
The worm barely misses you.
You barely miss the worm.
The worm is almost dead.
The worm closely misses you.
You hit the worm.
You kill the worm!
No target in view!
No target in view!
No target in view!
No target in view!
No target in view!
No target in view!
No target in view!
No target in view!
No target in view!
No target in view!
No target in view!
No target in view!
No target in view!
No target in view!
HP restored.
You now have 79 gold pieces (gained 7).
An ooze and Natasha come into view.
Health restored: 21 An adder comes into view.
Natasha hisses angrily.
The ooze quivers.
Natasha stares at you and mumbles some strange words.
You resist with significant effort. Natasha misses you.
You hit Natasha.
Natasha is lightly wounded.
Natasha claws you.
You take 4 damage, and have 17/21 hp.
You hit Natasha.
Natasha is moderately wounded.
Natasha claws you.
You take 2 damage, and have 15/21 hp.
You closely miss Natasha.
Natasha is moderately wounded.
Natasha claws you. x2
You take 2 damage, and have 13/21 hp.
You hit Natasha but do no damage.
Natasha is moderately wounded.
Natasha closely misses you.
You closely miss Natasha.
Natasha is moderately wounded.
Natasha closely misses you.
You barely miss Natasha.
Natasha is moderately wounded.
Natasha misses you.
You hit Natasha.
Natasha is moderately wounded.
Natasha barely misses you.
You closely miss Natasha.
Natasha is moderately wounded.
Natasha claws you!
* * * LOW HITPOINT WARNING * * *
You are too injured to fight recklessly!
You take 9 damage, and have 4/21 hp.
MASSIVE DAMAGE!!
You are too injured to fight recklessly!
You are too injured to fight recklessly!
You are too injured to fight recklessly!
You are too injured to fight recklessly!
You are too injured to fight recklessly!
You are too injured to fight recklessly!
You closely miss Natasha.
Natasha is moderately wounded.
Natasha casts a spell.
You hit Natasha but do no damage.
Natasha is moderately wounded.
Natasha barely misses you. The shadow imp misses you.
You hit Natasha.
Natasha is heavily wounded.
Natasha claws you.
* * * LOW HITPOINT WARNING * * *
The shadow imp barely misses you.
You take 3 damage, and have 1/21 hp.
You hit Natasha.
Natasha is severely wounded.
Natasha claws you.
You die...

███.......███.█
██....|..███ █.█ .
...^..>..█ █.█████████..
█........█ ███.██.........
█...†....███...██J........
█.........................
.........███...J████████..
██...<...█


████h█ . █████████ █@█ █5█ █.█ █.█ █.. █.. You could see Natasha, an ooze and a
shadow imp (summoned).

Vanquished Creatures
  3 worms (D:2)
  A dart slug (D:1)
  2 leopard geckos (D:1)
  3 bats (D:1)
  A giant cockroach (D:1)
  2 goblins (D:1)
  2 hobgoblins
  4 jackals (D:1)
  A frilled lizard (D:1)
  2 kobolds (D:2)
  7 rats
28 creatures vanquished.

Notes
Turn   | Place    | Note
-------+----------+-------------------------------------------
     0 | D:1      | Goblin1989 the Kobold Gladiator began the quest for the
                  | Orb.
     0 | D:1      | Reached XP level 1. HP: 12/12 MP: 1/1
    39 | D:1      | DEFE: увы
   112 | D:1      | Reached skill level 3 in Staves
   112 | D:1      | DEFE: все же маловато хп
   143 | D:1      | Reached XP level 2. HP: 17/17 MP: 2/2
   223 | D:1      | DEFE: о так это новый
   223 | D:1      | DEFE: кобольд
   223 | D:1      | Goblin1989: ну я хз
   223 | D:1      | Goblin1989: просто затабался
   341 | D:1      | Reached XP level 3. HP: 21/21 MP: 3/3
  1042 | D:2      | Reached skill level 4 in Staves
  1162 | D:2      | Noticed Natasha
  1184 | D:2      | HP: 1/21 [Natasha (3)]
  1185 | D:2      | Slain by Natasha

Illustrated notes

Levels and vault maps discovered:
D:1:      minmay_arrival_stair_chambers, layout_loops_ring
D:2:      layout_loops_cross, uniq_robin, uniq_natasha

Skill      XL: |  1  2  3 |
---------------+----------+-----
Staves         | 3 4 |  4.0
Fighting       | |  2.1
Throwing       | |  2.1
Dodging        | |  3.6

Action                   || total
-------------------------++-------
Melee: Quarterstaff      ||    94
 Stab: Sleeping          ||     5
Armor: Leather armour    ||    20
Dodge: Dodged            ||    80

Table legend: (Time is in decaauts)
 A = Elapsed time spent in this place.
 B = Non-inter-level travel time spent in this place.
 C = Inter-level travel time spent in this place.
 D = Time resting spent in this place.
 E = Time spent auto-exploring this place.
 F = Levels seen in this place.
 G = Mean time per level.
                   A        B        C        D        E       F      G
               +--------+--------+--------+--------+--------+-----+--------+
         Total |   1197 |   1162 |     35 |    124 |    804 |   2 |  598.5 |
       Dungeon |   1197 |   1162 |     35 |    124 |    804 |   2 |  598.5 |
               +--------+--------+--------+--------+--------+-----+--------+

Top non-repeatable levels by time:
     D:1: 873 daAuts
     D:2: 324 daAuts
